 Dungeon Crawl Stone Soup version 0.25-a0-578-gc91f01c39c (webtiles) character file.

Game seed: 10757460141308441011, levelgen mode: deterministic

20470 Haet the Geomancer (level 12, -2/68 HPs)
             Began as a Gargoyle Earth Elementalist on Mar 6, 2020.
             Was an Elder of Vehumet.
             Killed from afar by a frost giant (22 damage)
             ... with a bolt of cold
             ... on level 12 of the Dungeon.
             The game lasted 00:43:06 (13685 turns).

Haet the Geomancer (Gargoyle Earth Elementalist)   Turns: 13685, Time: 00:43:06

Health: -2/68      AC: 19    Str: 13    XL:     12   Next: 79%
Magic:  1/22       EV: 13    Int: 25    God:    Vehumet [****..]
Gold:   609        SH:  0    Dex:  8    Spells: 6/29 levels left

rFire    . . .     SeeInvis .   m - +1 dagger (elec)
rCold    . . .     Gourm    .   (no shield)
rNeg     + + .     Faith    .   y - +0 leather armour of Qipel {Int+5}
rPois    ∞         Spirit   .   A - +1 helmet
rElec    +         Reflect  .   a - +1 cloak
rCorr    +         Harm     .   u - +1 pair of gloves
MR       .....     Clarity  +   (no boots)
Stlth    +.........             (no amulet)
HPRegen  0.00/turn              e - ring of positive energy
MPRegen  0.18/turn              C - ring of resist corrosion

@: very slightly contaminated
A: blink, clarity, clumsy 1, low mp 1, negative energy resistance 1, electricity
resistance, inhibited regeneration, unbreathing, petrification resistance, rot
immunity, AC +8
a: Blink, Renounce Religion


You were on level 12 of the Dungeon.
You worshipped Vehumet.
Vehumet was greatly pleased with you.
You were not hungry.

You visited 2 branches of the dungeon, and saw 13 of its levels.

You collected 609 gold pieces.

Inventory:

Hand Weapons
 h - a +2 flail of protection
 m - a +1 dagger of electrocution (weapon)
 r - a +2 dire flail of protection
 s - a +0 morningstar
Missiles
 b - 388 stones (quivered)
 f - 2 throwing nets
Armour
 a - a +1 cloak (worn)
 u - a +1 pair of gloves (worn)
 y - the +0 leather armour of Qipel (worn) {Int+5}
   (You found it on level 4 of the Dungeon)

   It affects your intelligence (+5).
   If you remove this armour, your AC will decrease by 4 (19 -> 15).
 A - a +1 helmet (worn)
Magical Staves
 v - an uncursed staff of wizardry
Jewellery
 e - a ring of positive energy (left hand)
 C - a ring of resist corrosion (right hand)
 E - an uncursed amulet of the gourmand {unknown}
 F - an uncursed ring of positive energy
 H - an uncursed amulet of the gourmand {unknown}
Wands
 c - a wand of iceblast (7)
 j - a wand of acid (12)
 K - a wand of paralysis (4)
Scrolls
 l - 12 scrolls of teleportation
 n - 3 scrolls of amnesia
 o - 4 scrolls of enchant weapon
 q - 4 scrolls of immolation
 t - 2 scrolls of magic mapping
 x - 5 scrolls of remove curse
 z - 3 scrolls of fog
 B - a scroll of blinking
Potions
 i - a potion of flight
 k - 4 potions of curing
 p - 2 potions of lignification
 w - 6 potions of brilliance
 D - a potion of might
 G - a potion of cancellation
Comestibles
 d - 11 rations


   Skills:
 + Level 5.3 Fighting
 + Level 4.7 Maces & Flails
 + Level 5.2 Armour
 + Level 4.3 Dodging
 - Level 2.1 Stealth
 + Level 9.1 Spellcasting
 + Level 10.2 Conjurations
   Level 0.7 Transmutations
 * Level 6.9 Fire Magic
 + Level 11.8 Earth Magic
 + Level 4.2 Evocations


You had 6 spell levels left.
You knew the following spells:

 Your Spells              Type           Power        Failure   Level  Hunger
a - Sandblast             Erth           ######       1%          1    None
b - Stone Arrow           Conj/Erth      ######       1%          3    None
c - Lee's Rapid Deconstr  Erth           ######....   1%          5    ####...
d - Iron Shot             Conj/Erth      ######....   3%          6    ######.
e - Bolt of Magma         Conj/Fire/Erth ######....   1%          5    ####...
f - Dazzling Flash        Conj/Hex       #####.       1%          3    None

Your spell library contained the following spells:

 Spells                   Type           Power        Failure   Level  Hunger
 Yara's Violent Unravell  Hex/Tmut       ##........   36%         5    ####...
 Passwall                 Tmut/Erth      #####...     1%          2    None
 Petrify                  Tmut/Erth      #####...     4%          4    ##.....
 Iskenderun's Battlesphe  Conj/Chrm      #####...     6%          5    ####...
 Animate Skeleton         Necr           N/A          7%          1    None
 Corona                   Hex            ##.....      7%          1    None
 Pain                     Necr           ##..         7%          1    None
 Summon Small Mammal      Summ           ##..         7%          1    None
 Call Imp                 Summ           ##......     10%         2    None
 Ensorcelled Hibernation  Hex/Ice        ##....       10%         2    None
 Call Canine Familiar     Summ           ##......     21%         3    None
 Confusing Touch          Hex            ##......     21%         3    None
 Summon Guardian Golem    Hex/Summ       ##......     21%         3    None
 Tukima's Dance           Hex            ##......     21%         3    None
 Vampiric Draining        Necr           ##........   21%         3    None
 Animate Dead             Necr           N/A          54%         4    ##.....
 Summon Ice Beast         Ice/Summ       ##......     54%         4    ##.....
 Summon Lightning Spire   Summ/Air       ##......     54%         4    ##.....
 Agony                    Necr           ##......     88%         5    ####...
 Orb of Destruction       Conj           ######....   22%         7    #######
 Spellforged Servitor     Conj/Summ      #####.....   83%         7    #######


Dungeon Overview and Level Annotations

Branches:
Dungeon (12/15)            Temple (1/1) D:7            Lair (0/6) D:11
    Orc (0/2) D:11

Altars:
Ashenzari
Cheibriados
Dithmenos
Elyvilon
Fedhas
Gozag
Hepliaklqana
Kikubaaqudgha
Makhleb
Nemelex Xobeh
Okawaru
Qazlal
Ru
Sif Muna
Trog
Uskayaw
Vehumet
Wu Jian
Xom
Yredelemnul
Zin
The Shining One
Beogh


Innate Abilities, Weirdness & Mutations

You are resistant to torment.
Your stone body is resilient. (AC +8)
You are immune to poison.
You resist negative energy. (rN+)
You are resistant to electric shocks. (rElec)
You can survive without breathing.
You are immune to petrification.
You are immune to rotting.
You can translocate small distances at will.
You possess an exceptional clarity of mind.
You are clumsy. (Dex -2)
Your magical capacity is low. (-10% MP)
You do not regenerate when monsters are visible.


Message History

Aiming: Sandblast (safe; 1% risk of failure)
Press: ? - help, Shift-Dir - straight line, f/p - frost giant
Aim: a frost giant, wielding a +0 battleaxe of freezing (severely wounded)
The blast of sand hits the frost giant!!
The frost giant is almost dead.
b - 389 stones The frost giant casts a spell at you.
The bolt of cold hits you!!
* * * LOW HITPOINT WARNING * * *
Casting: Sandblast (safe; 1% risk of failure)
Confirm with . or Enter, or press ? or * to list all spells.
Aiming: Sandblast (safe; 1% risk of failure)
Press: ? - help, Shift-Dir - straight line, f/p - frost giant
Aim: a frost giant, wielding a +0 battleaxe of freezing (severely wounded)
The blast of sand hits the frost giant but does no damage.
The frost giant is severely wounded.
b - 388 stones The frost giant gestures at you while chanting.
The bolt of cold hits you!!
You die...

..........# #.# #.........#
..........# #.# #.........#
..........# #.# #.........#
..........####.####....######
...#####..........+....#
...#####..####.####†...#
..................#.####
...###.....###.##.#.#######
#### #.###>....C@.........#
#^# #...#.##.#.####.## #.#
###...##.#.# #.# #.#
######.#.# #.# #.# #.#.# #.#
#.# #.#.# #.######## #.#
#.#.# #.........
#.##########.#.#############
#............#........#####


You could see a frost giant.

Vanquished Creatures
  A fire dragon (D:11)
  An ogre mage (D:11)
  2 hydras (D:11)
  The ghost of Roikka the Merchant of Misery, a journeyman HuNe of Kikubaaqudgha (D:10)
  A centaur warrior (D:11)
  2 two-headed ogres
  Sonja (D:11)
  2 unseen horrors
  An orange crystal statue (D:9)
  Pikel (D:6)
  A cyclops (D:11)
  A manticore (D:11)
  A centaur zombie (D:8)
  Maurice (D:12)
  A hornet (D:10)
  Prince Ribbit (D:7)
  3 hippogriffs
  Grinder (D:4)
  3 slime creatures (D:12)
  A shadow (D:12)
  4 wraiths
  12 yaks
  A wyvern (D:11)
  A hungry ghost (D:7)
  Menkaure (D:4)
  Edmund (D:4)
  Duvessa (D:7)
  A water moccasin (D:11)
  An ice beast (D:8)
  3 orc warriors
  2 sky beasts
  3 slaves (D:6)
  3 necrophages
  2 ogres
  6 centaurs
  5 big kobolds
  5 bullfrogs
  A wyvern zombie (D:11)
  Dowan (D:7)
  A water moccasin zombie (D:8)
  A scorpion (D:9)
  13 killer bees
  7 wights
  2 howler monkeys
  6 crimson imps
  4 bullfrog zombies
  3 human zombies (D:9)
  4 hounds
  6 jellies
  4 centaur skeletons
  11 orc priests
  Crazy Yiuf (D:6)
  8 orc wizards
  2 bullfrog skeletons
  5 iguanas
  10 worker ants
  2 ogre zombies (D:9)
  A mummy (D:9)
  A hound zombie (D:9)
  2 hound skeletons
  2 worker ant zombies
  Robin (D:3)
  15 gnolls
  10 adders
  2 howler monkey skeletons
  3 shadow imps
  6 oozes
  An adder zombie (D:10)
  An adder skeleton (D:5)
  4 worms
  2 dart slugs (D:3)
  A leopard gecko (D:4)
  56 orcs
  7 bats
  4 giant cockroaches
  15 goblins
  6 hobgoblins
  6 quokkas
  A ball python (D:2)
  4 frilled lizards
  A jackal skeleton (D:5)
  32 kobolds
  A quokka skeleton (D:4)
  9 rats
365 creatures vanquished.

Vanquished Creatures (others)
  An ugly thing (D:11)
  A slave (D:6)
  A scorpion (D:6)
3 creatures vanquished.

Grand Total: 368 creatures vanquished

Notes
Turn   | Place    | Note
-------+----------+-------------------------------------------
     0 | D:1      | Haet the Gargoyle Earth Elementalist began the quest for
                  | the Orb.
     0 | D:1      | Reached XP level 1. HP: 10/10 MP: 3/3
   116 | D:1      | Reached skill level 4 in Earth Magic
   116 | D:1      | Reached XP level 2. HP: 15/15 MP: 1/5
   872 | D:1      | Reached XP level 3. HP: 19/19 MP: 6/6
   877 | D:1      | Learned a level 3 spell: Stone Arrow
   904 | D:2      | Found a shimmering altar of Xom.
  1642 | D:2      | Reached skill level 1 in Conjurations
  1894 | D:3      | Reached XP level 4. HP: 17/24 MP: 2/8
  2005 | D:3      | Noticed Robin
  2042 | D:3      | Killed Robin
  2798 | D:3      | Reached skill level 5 in Earth Magic
  2814 | D:3      | Reached XP level 5. HP: 24/28 MP: 1/9
  2829 | D:3      | Learned a level 5 spell: Lee's Rapid Deconstruction
  2975 | D:4      | Got a smoking leather armour
  2986 | D:4      | Identified the cursed +0 leather armour of Qipel {Int+5}
                  | (You found it on level 4 of the Dungeon)
  3360 | D:4      | Found a glowing silver altar of Zin.
  3443 | D:4      | Noticed Menkaure
  3447 | D:4      | Killed Menkaure
  3447 | D:4      | Reached XP level 6. HP: 32/32 MP: 5/11
  3597 | D:4      | Noticed Grinder
  3602 | D:4      | Paralysed by Grinder for 5 turns
  3610 | D:4      | Killed Grinder
  3610 | D:4      | Reached skill level 6 in Earth Magic
  3610 | D:4      | Reached XP level 7. HP: 21/36 MP: 5/13
  3798 | D:4      | Noticed Edmund
  3811 | D:4      | Killed Edmund
  4164 | D:5      | Entered Level 5 of the Dungeon
  4204 | D:5      | Reached skill level 7 in Earth Magic
  4213 | D:5      | Reached skill level 5 in Spellcasting
  4305 | D:5      | Reached XP level 8. HP: 32/41 MP: 10/15
  4401 | D:5      | Reached skill level 5 in Conjurations
  5074 | D:5      | Reached skill level 8 in Earth Magic
  5160 | D:5      | Learned a level 3 spell: Dazzling Flash
  5363 | D:5      | Found a sacrificial altar of Ru.
  5687 | D:6      | Noticed Pikel
  5711 | D:6      | Killed Pikel
  5711 | D:6      | Reached XP level 9. HP: 24/45 MP: 2/18
  5910 | D:6      | Reached skill level 9 in Earth Magic
  5989 | D:6      | Found a shimmering altar of Xom.
  6217 | D:6      | Got a faintly glowing mace
  6218 | D:6      | Identified the +4 mace "Ufaher" {antimagic, MR+} (You found
                  | it on level 6 of the Dungeon)
  6296 | D:6      | Found a runed translucent door.
  6297 | D:6      | Noticed Crazy Yiuf
  6302 | D:6      | Killed Crazy Yiuf
  7076 | D:7      | Found a roughly hewn altar of Beogh.
  7129 | D:7      | Noticed Duvessa
  7129 | D:7      | Noticed Dowan
  7134 | D:7      | Killed Duvessa
  7135 | D:7      | Killed Dowan
  7262 | D:7      | Found a hide-covered altar of Uskayaw.
  7410 | D:7      | Gained mutation: You are frail. (-10% HP) [potion of
                  | mutation]
  7410 | D:7      | Gained mutation: You do not regenerate when monsters are
                  | visible. [potion of mutation]
  7410 | D:7      | Gained mutation: You expend magic power (3 MP) to
                  | strengthen your wands. [potion of mutation]
  7411 | D:7      | Lost mutation: You are frail. (-10% HP) [potion of
                  | mutation]
  7411 | D:7      | Lost mutation: You expend magic power (3 MP) to strengthen
                  | your wands. [potion of mutation]
  7411 | D:7      | Gained mutation: You can translocate small distances at
                  | will. [potion of mutation]
  7411 | D:7      | Gained mutation: You are clumsy. (Dex -2) [potion of
                  | mutation]
  7411 | D:7      | Gained mutation: Your magical capacity is low. (-10% MP)
                  | [potion of mutation]
  7411 | D:7      | Gained mutation: You possess an exceptional clarity of
                  | mind. [potion of mutation]
  7467 | D:7      | Noticed Prince Ribbit
  7470 | D:7      | Killed Prince Ribbit
  7470 | D:7      | Reached skill level 10 in Earth Magic
  7615 | D:7      | Found a staircase to the Ecumenical Temple.
  7626 | Temple   | Entered the Ecumenical Temple
  7977 | D:8      | Reached XP level 10. HP: 37/50 MP: 11/19
  8033 | D:8      | Found a shattered altar of Ashenzari.
  8035 | D:8      | Found a shimmering blue altar of Sif Muna.
  8036 | D:8      | Found a burning altar of Makhleb.
  8037 | D:8      | Found a radiant altar of Vehumet.
  8037 | D:8      | Found an ornate altar of the Wu Jian Council.
  8038 | D:8      | Found a sparkling altar of Nemelex Xobeh.
  8041 | D:8      | Found an iron altar of Okawaru.
  8049 | D:8      | Became a worshipper of Vehumet
  8104 | D:8      | Learned a level 6 spell: Iron Shot
  8110 | D:8      | Learned a level 5 spell: Bolt of Magma
  8223 | D:8      | Found an opulent altar of Gozag.
  8237 | D:8      | Reached skill level 1 in Fire Magic
  8433 | D:8      | Reached skill level 1 in Armour
  8545 | D:8      | Reached skill level 1 in Fighting
  8545 | D:8      | Reached skill level 1 in Maces & Flails
  8686 | D:8      | Reached skill level 1 in Evocations
  8820 | D:8      | Reached * piety under Vehumet
  8820 | D:8      | Offered knowledge of Shock by Vehumet.
  9241 | D:9      | Found a basalt altar of Yredelemnul.
  9453 | D:9      | Noticed a two-headed ogre
  9462 | D:9      | Killed a two-headed ogre
  9544 | D:9      | Reached XP level 11. HP: 58/58 MP: 20/20
  9572 | D:9      | Noticed an orange crystal statue
  9574 | D:9      | Killed an orange crystal statue
  9609 | D:9      | Reached ** piety under Vehumet
  9627 | D:9      | Offered knowledge of Magic Dart by Vehumet.
  9675 | D:9      | Reached skill level 11 in Earth Magic
 10120 | D:10     | Entered Level 10 of the Dungeon
 10248 | D:10     | Offered knowledge of Static Discharge by Vehumet.
 10345 | D:10     | Found a runed translucent door.
 10347 | D:10     | Noticed Roikka's ghost (journeyman HuNe)
 10382 | D:10     | Killed Roikka's ghost
 10880 | D:10     | Reached *** piety under Vehumet
 11610 | D:11     | Found a staircase to the Lair.
 11672 | D:11     | Noticed Sonja
 11673 | D:11     | Noticed an eight-headed hydra
 11681 | D:11     | Killed Sonja
 11681 | D:11     | Reached skill level 5 in Fire Magic
 11684 | D:11     | Killed an eight-headed hydra
 11829 | D:11     | Found a runed translucent door.
 11832 | D:11     | Found a runed translucent door.
 11832 | D:11     | Noticed a manticore
 11850 | D:11     | Noticed an ogre mage
 11851 | D:11     | Noticed a two-headed ogre
 11854 | D:11     | Killed an ogre mage
 11854 | D:11     | Noticed a green ugly thing
 11855 | D:11     | Noticed a cyclops
 11855 | D:11     | Noticed a fire dragon
 11856 | D:11     | Noticed a centaur warrior
 11867 | D:11     | Killed a two-headed ogre
 11867 | D:11     | Offered knowledge of Frozen Ramparts by Vehumet.
 11867 | D:11     | Reached XP level 12. HP: 66/66 MP: 5/22
 11882 | D:11     | Killed a centaur warrior
 11892 | D:11     | Killed a fire dragon
 12074 | D:11     | Reached skill level 10 in Conjurations
 12326 | D:11     | Found a staircase to the Orcish Mines.
 12333 | D:11     | Noticed an eight-headed hydra
 12336 | D:11     | Killed an eight-headed hydra
 12666 | D:11     | Reached skill level 5 in Fighting
 12671 | D:11     | Reached **** piety under Vehumet
 12976 | D:12     | Noticed Maurice
 12981 | D:12     | Killed Maurice
 12981 | D:12     | Reached skill level 5 in Armour
 13047 | D:12     | Offered knowledge of Yara's Violent Unravelling by Vehumet.
 13206 | D:12     | Noticed a yaktaur captain
 13206 | D:12     | Noticed a frost giant
 13206 | D:12     | Noticed a deep troll earth mage
 13206 | D:12     | Noticed a storm dragon
 13208 | D:12     | Noticed a fire dragon
 13685 | D:12     | Killed from afar by a frost giant

Levels and vault maps discovered:
D:1:      denvon_arrival_planthouse, layout_basic
D:2:      layout_loops_corners, old_standard_altar
D:3:      minmay_chambers_of_threes, layout_basic, first_ration, uniq_robin
D:4:      layout_basic, marbit_many_paths, uniq_grinder, uniq_menkaure,
          uniq_edmund
D:5:      layout_basic, nicolae_ru_the_path_less_chosen, minmay_diced_spiral
D:6:      layout_basic, xom_teletrap_fun, uniq_crazy_yiuf_cottage, uniq_pikel
D:7:      layout_loops_ring, eat_drink_and_be_merry_uskayaw,
          minmay_temple_entry_gardened_gates, david_defended_altar_orc,
          uniq_duvessa, uniq_prince_ribbit1
D:8:      minmay_general_purpose_star, layout_cave_pools,
          grunt_temple_overflow_open, hangedman_little_slice_of_home,
          grunt_gozag_breadcrumbs
D:9:      layout_long_grid, lemuel_mausoleum_altar_yredelemnul, minivault_16
D:10:     layout_grid_maze, ebering_ghost_reflecting_pool
D:11:     minmay_the_grid_triangle_9x9_rhombus_thin
          [minmay_the_grid_triangle_9x9_tough_junction,
          minmay_the_grid_triangle_9x9_prize_insulated,
          minmay_the_grid_triangle_9x9_empty,
          minmay_the_grid_triangle_9x9_zippers_vertical], layout_stronghold,
          lair_entry_dummy, orc_0_dummy, uniq_sonja
D:12:     minmay_guarded_unrand_guard, layout_basic, uniq_maurice, uniq_fannar
Temple:   cyrus_temple_forest

Skill      XL: |  1  2  3  4  5  6  7  8  9 10 11 12 |
---------------+-------------------------------------+-----
Earth Magic    | 4 5 6 7 8 10 11 | 11.8
Conjurations   | 1 3 4 6 8 9 10 | 10.2
Spellcasting   | 3 4 5 6 7 8 9 |  9.1
Fire Magic     | 3 5 6 |  6.9
Armour         | 2 4 5 |  5.2
Fighting       | 2 4 5 |  5.3
Maces & Flails | 2 3 4 |  4.7
Evocations     | 2 3 4 |  4.2
Dodging        | 2 3 4 |  4.3
Stealth        | |  2.1
Transmutations | |  0.7

Action                   |  1- 3 |  4- 6 |  7- 9 | 10-12 || total
-------------------------+-------+-------+-------+-------++-------
Melee: Short sword       |   141 |     9 |       |       ||   150
       Dagger            |       |    76 |   325 |   445 ||   846
 Cast: Sandblast         |    11 |    30 |    59 |   134 ||   234
       Stone Arrow       |     1 |     1 |       |    11 ||    13
       Lee's Rapid Decon |       |       |    15 |    28 ||    43
       Bolt of Magma     |       |       |       |     5 ||     5
       Iron Shot         |       |       |       |     7 ||     7
       Dazzling Flash    |       |       |       |     2 ||     2
Evoke: Wand              |       |       |       |    13 ||    13
  Use: Scroll            |    10 |     1 |     6 |     7 ||    24
       Potion            |       |       |     2 |    10 ||    12
 Stab: Sleeping          |     2 |     1 |     3 |     1 ||     7
       Distracted        |       |       |       |     1 ||     1
  Eat: Chunk             |     3 |     6 |    16 |    26 ||    51
       Ration            |       |       |     1 |     1 ||     2
Armor: Robe              |    60 |    39 |       |       ||    99
       Leather armour    |       |    12 |   133 |   297 ||   442
Dodge: Dodged            |   125 |    78 |   162 |   303 ||   668

Table legend:
 A = Non-vault XP
 B = Vault XP
 C = Vault XP percentage of total XP
 D = Non-vault monster count
 E = Vault monster count
 F = Vault count percentage of total count
                 A         B        C        D         E       F
            +---------+---------+-------+---------+---------+-------
      Total |   16199 |   13044 |  44.6 |     287 |      76 |  20.9
            +---------+---------+-------+---------+---------+-------
        D:1 |      34 |       0 |   0.0 |      14 |       0 |   0.0
        D:2 |      38 |       0 |   0.0 |      21 |       0 |   0.0
        D:3 |      23 |      77 |  77.0 |       9 |      24 |  72.7
        D:4 |     175 |     615 |  77.8 |      14 |       4 |  22.2
        D:5 |     774 |      90 |  10.4 |      44 |       3 |   6.4
        D:6 |     450 |     725 |  61.7 |      17 |       2 |  10.5
        D:7 |     853 |     605 |  41.5 |      26 |       6 |  18.8
        D:8 |    1696 |     565 |  25.0 |      28 |      11 |  28.2
        D:9 |    2180 |    1806 |  45.3 |      37 |      13 |  26.0
       D:10 |    2226 |     939 |  29.7 |      29 |       1 |   3.3
       D:11 |    4772 |    7137 |  59.9 |      26 |      11 |  29.7
       D:12 |    2978 |     485 |  14.0 |      22 |       1 |   4.3
            +---------+---------+-------+---------+---------+-------
